AoeStats
← Axel_93

Golden Pit

509541176Analyzed
1v1 RM · 5d ago on Sep 27, 2026· 28m 36s· 2 players
Game mode
Random Map
Map size
Tiny (2 player)
Population
200
Speed
Normal
Resources
Standard
Victory
Conquest
Starting age
Dark Age
Ending age
Imperial Age
RankedLock teamsTeams togetherTeam positionsShared explorationLock speedFull tech treeHidden civsTurbo modeCheats
Victory
Defeat
🇦🇷 Armenians · Argentina
792
+17
🇳🇿 Danes · New Zealand
812
-26
Axel_93
7:00 Loom
10:05 Feudal Age
10:46 Double-Bit Axe
17:36 Fletching
23:45 Castle Age
21:59 Padded Archer Armor
22:52 Gold Mining
24:26 Bodkin Arrow
24:30 Crossbowman
26:10 Bow Saw
26:19 Town Watch
ShazzaT
4:52 Loom
11:50 Feudal Age
12:07 Man-at-Arms
18:21 Castle Age
19:04 Squires
23:36 Double-Bit Axe
28:28 Fletching
Connection lost

Rejoining the realm…

Still unreachable

The connection could not be restored.

Session expired

The server has moved on; the page needs a fresh start.